 Dungeon Crawl Stone Soup version 0.30-a0-465-g8901f6c8b5 (webtiles) character file.

Game seed: 7193559585051857225

382 Bnni the Grave Robber (level 6, -2/48 HPs)
             Began as a Demonspawn Necromancer on Dec 18, 2022.
             Slain by Menkaure (17 damage)
             ... on level 4 of the Dungeon.
             The game lasted 00:07:37 (3560 turns).

Bnni the Grave Robber (Demonspawn Necromancer)      Turns: 3560, Time: 00:07:37

Health: -2/48      AC:  6    Str:  5 (8)  XL:     6   Next: 47%
Magic:  11/11      EV: 12    Int: 16 (19) God:
Gold:   193        SH:  0    Dex: 11 (13) Spells: 4/12 levels left

rFire   + . .      SeeInvis +    i - staff of death
rCold   + . .      Faith    +    (no shield)
rNeg    + . .      Spirit   .    a - +0 robe
rPois   +          Reflect  .    (no helmet)
rElec   +          Harm     .    w - +0 cloak
rCorr   +          Rampage  .    o - +1 pair of gloves
Will    .....                    (no boots)
Stlth   ++........               r - amulet of faith
HPRegen 0.28/turn                m - ring of see invisible
MPRegen 0.12/turn                (no ring)

@: resistant
A: rugged brown scales 1, demonic touch 1
a: no special abilities


You were on level 4 of the Dungeon.
You visited 1 branch of the dungeon, and saw 4 of its levels.

You collected 193 gold pieces.

Inventory:

Missiles
 s - 2 poisoned darts
Armour
 a - a +0 robe (worn)
 o - a +1 pair of gloves (worn)
 p - a +0 kite shield
 t - a +2 ring mail of cold resistance
 w - a +0 cloak (worn)
Magical Staves
 i - a staff of death (weapon)
Jewellery
 m - a ring of see invisible (left hand)
 r - an amulet of faith (around neck)
Scrolls
 c - a scroll of fear {unknown}
 e - a scroll of silence {unknown}
 h - a scroll of identify {unknown}
 l - a scroll of summoning {unknown}
 n - a scroll of teleportation {unknown}
 q - 3 scrolls of torment
 v - a scroll of enchant armour
 x - 2 scrolls of fog
Potions
 b - 2 potions of magic
 f - 4 potions of curing {unknown}
 g - a potion of degeneration
 j - a potion of resistance


   Skills:
 + Level 3.0 Fighting
 - Level 1.7 Dodging
 - Level 1.7 Stealth
 + Level 3.5 Spellcasting
 * Level 6.8 Necromancy


You had 4 spell levels left.
You knew the following spells:

 Your Spells              Type           Power      Damage    Failure   Level
a - Necrotise             Necr           100%       1d9       1%          1
c - Vampiric Draining     Necr           37%        2d8       3%          3
d - Animate Dead          Necr           37%        N/A       11%         4

Your spell library contained the following spells:

 Spells                   Type           Power      Damage    Failure   Level
 Sublimation of Blood     Necr           37%        N/A       1%          2
 Sandblast                Erth           4%         2d4       19%         1
 Ozocubu's Armour         Ice            2%         N/A       47%         3
 Stone Arrow              Conj/Erth      4%         3d7       47%         3
 Petrify                  Tmut/Erth      2%         N/A       87%         4
 Summon Ice Beast         Ice/Summ       2%         N/A       87%         4
 Agony                    Necr           37%        N/A       28%         5
 Irradiate                Conj/Tmut      1%         3d12      99%         5


Dungeon Overview and Level Annotations

Branches:
Dungeon (4/15)
 Temple: D:4-7

Altars:
Okawaru

Shops:
D:4 *

Annotations:
D:4 Menkaure


Innate Abilities, Weirdness & Mutations

You are partially covered in rugged brown scales. (AC +1, +3% HP)
Your touch may inflict minor irresistible damage on your foes.


Message History

Menkaure hits you.
There is a stone staircase leading up here.
You see here a scroll of noise.
Okay, then.
You barely miss Menkaure.
You touch Menkaure.
Menkaure is moderately damaged.
Menkaure gestures at you while chanting.
You barely resist. You hit Menkaure but do no damage.
Menkaure is moderately damaged.
Menkaure hits you.
You hit Menkaure. Your touch misses Menkaure.
Menkaure is moderately damaged.
Menkaure barely misses you.
You hit Menkaure.
Menkaure is moderately damaged.
You hit Menkaure but do no damage.
Menkaure is moderately damaged.
Menkaure hits you.
You hit Menkaure but do no damage.
Menkaure is moderately damaged.
Menkaure misses you.
You hit Menkaure. You punch Menkaure.
Menkaure is heavily damaged.
Menkaure barely misses you.
You hit Menkaure.
Menkaure is severely damaged.
Menkaure misses you.
You hit Menkaure but do no damage.
Menkaure is severely damaged.
Menkaure calls on the powers of darkness!
Your body is wracked with pain!
* * * LOW HITPOINT WARNING * * *
You hit Menkaure but do no damage. Your touch misses Menkaure.
Menkaure is severely damaged.
Menkaure misses you.
You hit Menkaure but do no damage. Your touch misses Menkaure.
Menkaure is severely damaged.
Menkaure hits you!
You die...

..........# #).)#
###.###.### ##### #
#.###.#
###.....#############
...........<........#
######.#.##.........#
######.#.###.......##
##.......# #....M.##
##.<...### #.#.)@##
....########.##.##
###.# #.......#
..#.## #.......#
.....####.......#
................#
.#...####.......##
.##.## #...###..#
.##.# #...'∩#...#


You could see Menkaure.

Vanquished Creatures
  A phantom (D:4)
  A kobold brigand (D:4)
  A necrophage (D:4)
  A scorpion (D:4)
  Crazy Yiuf (D:4)
  An iguana (D:4)
  An adder (D:2)
  2 worms
  2 dart slugs (D:2)
  An orc (D:3)
  7 endoplasms
  A giant cockroach (D:2)
  4 goblins
  6 hobgoblins
  2 jackals (D:4)
  A quokka (D:2)
  8 ball pythons
  3 bats (D:2)
  2 frilled lizards
  3 kobolds
  3 rats
52 creatures vanquished.

Vanquished Creatures (collateral kills)
  A dart slug (D:1)
1 creature vanquished.

Grand Total: 53 creatures vanquished

Notes
Turn   | Place    | Note
-------+----------+-------------------------------------------
     0 | D:1      | Bnni the Demonspawn Necromancer began the quest for the
                  | Orb.
     0 | D:1      | Reached XP level 1. HP: 13/13 MP: 3/3
   203 | D:1      | Got Juos's Volume of the Grounded Snowflakes
   244 | D:1      | Gained mutation: Your touch may inflict minor irresistible
                  | damage on your foes. [demonic ancestry]
   244 | D:1      | Reached XP level 2. HP: 20/20 MP: 1/5
   537 | D:2      | Reached skill level 1 in Fighting
   590 | D:2      | Reached skill level 5 in Necromancy
   591 | D:2      | Reached XP level 3. HP: 26/26 MP: 3/6
   595 | D:2      | Learned a level 3 spell: Vampiric Draining
  1858 | D:3      | Identified the +9 short sword "Seesken" {protect, Str+2}
  2175 | D:3      | Found an iron altar of Okawaru.
  2281 | D:4      | Noticed a kobold brigand
  2297 | D:4      | Killed a kobold brigand
  2298 | D:4      | Gained mutation: You are partially covered in rugged brown
                  | scales. (AC +1, +3% HP) [demonic ancestry]
  2298 | D:4      | Reached XP level 4. HP: 10/33 MP: 0/8
  2395 | D:4      | Learned a level 4 spell: Animate Dead
  2510 | D:4      | Noticed a scorpion
  2515 | D:4      | Killed a scorpion
  2516 | D:4      | Reached skill level 6 in Necromancy
  2516 | D:4      | Reached XP level 5. HP: 36/40 MP: 1/9
  2626 | D:4      | Found a runed translucent door.
  2627 | D:4      | Noticed Crazy Yiuf
  2634 | D:4      | Killed Crazy Yiuf
  2804 | D:4      | Noticed a phantom
  2827 | D:4      | Killed a phantom
  2828 | D:4      | Reached XP level 6. HP: 17/47 MP: 9/11
  3116 | D:4      | Noticed Menkaure
  3300 | D:4      | Found Vooroeco's General Store.
  3560 | D:4      | Slain by Menkaure

Illustrated notes

Levels and vault maps discovered:
D:1:      wander_arrival_estate, layout_rooms
D:2:      layout_loops_corners
D:3:      layout_basic, hellmonk_okawaru_the_only_friend_you_need
D:4:      layout_loops_ring, serial_shops, kennysheep_mini, uniq_menkaure,
          uniq_crazy_yiuf_cottage

Skill      XL: |  1  2  3  4  5  6 |
---------------+-------------------+-----
Fighting       | 1 2 3 |  3.0
Necromancy     | 5 6 |  6.8
Spellcasting   | 3 |  3.5
Dodging        | |  1.7
Stealth        | |  1.7

Action                   |  1- 3 |  4- 6 || total
-------------------------+-------+-------++-------
Melee: Club              |     5 |       ||     5
       Unarmed           |     2 |       ||     2
       Staff             |    32 |    62 ||    94
       Touch             |     5 |     9 ||    14
       Punch             |       |     2 ||     2
 Cast: Necrotise         |    49 |    17 ||    66
       Vampiric Draining |     3 |     2 ||     5
  Use: Potion            |       |     6 ||     6
       Scroll            |       |     4 ||     4
 Stab: Sleeping          |     1 |     1 ||     2
Armor: Robe              |     8 |     9 ||    17
Dodge: Dodged            |    32 |    43 ||    75

Table legend: (Time is in decaauts)
 A = Elapsed time spent in this place.
 B = Non-inter-level travel time spent in this place.
 C = Inter-level travel time spent in this place.
 D = Time resting spent in this place.
 E = Time spent auto-exploring this place.
 F = Levels seen in this place.
 G = Mean time per level.
                   A        B        C        D        E       F      G
               +--------+--------+--------+--------+--------+-----+--------+
         Total |   3578 |   3494 |     84 |    619 |   2307 |   4 |  894.5 |
       Dungeon |   3578 |   3494 |     84 |    619 |   2307 |   4 |  894.5 |
               +--------+--------+--------+--------+--------+-----+--------+

Top non-repeatable levels by time:
     D:2: 1165 daAuts
     D:4: 1149 daAuts
     D:3: 799 daAuts
     D:1: 462 daAuts
